 Dungeon Sprint DCSS version 0.29-a0-364-g921d912d32 (webtiles) character file.

Game seed: 12847768651906261446

431 mhtbhm the Unseen (level 6, 0/33 HPs)
             Began as a Spriggan Brigand on Apr 30, 2022.
             Was an Initiate of Dithmenos.
             Slain by Sonja
             ... wielding a +2 dagger of venom
              (2 damage)
             ... in the Dungeon (Sprint I: "Red Sonja").
             The game lasted 00:01:01 (603 turns).

mhtbhm the Unseen (Spriggan Brigand)                 Turns: 603, Time: 00:01:01

Health: 0/33       AC:  3    Str:  7    XL:     6   Next: 67%
Magic:  7/7        EV: 17    Int: 13    God:    Dithmenos [......]
Gold:   300        SH:  0    Dex: 18    Spells: 5/5 levels left

rFire   . . .      SeeInvis +   a - +1 dagger (venom)
rCold   . . .      Faith    .   (no shield)
rNeg    . . .      Spirit   .   b - +0 robe
rPois   .          Reflect  .   (helmet restricted)
rElec   .          Harm     .   c - +0 cloak
rCorr   .          Rampage  .   (gloves unavailable)
Will    +....      NoTele   +   (boots unavailable)
Stlth   +++++++...              (no amulet)
HPRegen 0.11/turn               (no ring)
MPRegen 0.10/turn               (no ring)

@: lethally poisoned (0 -> -53), very quick
A: very small, no large weapons, unfitting armour, see invisible, speed 3
a: Renounce Religion


You were in the Dungeon.
You worshipped Dithmenos.
Dithmenos was noncommittal.
You visited 1 branch You collected 300 gold pieces.

Inventory:

Hand Weapons
 a - a +1 dagger of venom (weapon)
Missiles
 d - 9 poisoned darts (quivered)
 e - 3 curare-tipped darts
Armour
 b - a +0 robe (worn)
 c - a +0 cloak (worn)
Wands
 f - a wand of iceblast (5)
Scrolls
 k - a scroll of blinking
 l - a scroll of identify {unknown}
Potions
 g - a potion of heal wounds
 h - a potion of haste
 i - 2 potions of magic
 j - 2 potions of ambrosia {unknown}


   Skills:
 + Level 3.9 Fighting
 + Level 5.0 Short Blades
 + Level 4.7 Throwing
 + Level 2.5 Dodging
 + Level 18.9 Stealth


You had 5 spell levels left.
You didn't know any spells.
Your spell library was empty.

Dungeon Overview and Level Annotations

Branches:
Dungeon (1/1)

Altars:
Cheibriados
Dithmenos
Elyvilon
Fedhas
Gozag
Hepliaklqana
Kikubaaqudgha
Makhleb
Nemelex Xobeh
Okawaru
Qazlal
Ru
Sif Muna
Trog
Uskayaw
Vehumet
Wu Jian
Xom
Yredelemnul
Zin
The Shining One
Jiyva
Lugonu

Shops:
D (

Annotations:
D Sonja


Innate Abilities, Weirdness & Mutations

You are very small and have problems with some larger weapons.
You are too small for most types of armour.
You have supernaturally acute eyesight. (SInv)
You cover ground extremely quickly. (Speed+++)


Message History

You open the door.
Sonja, the Graceful Assassin comes into view.
She is wielding a +2 dagger of venom and quivering curare-tipped darts.
Found 108 gold pieces.
Unknown command.
Aiming: Iceblast
Press: ? - help, Shift-Dir - straight line, f - Sonja
Aim: Sonja, wielding a +2 dagger of venom and quivering curare-tipped darts (asleep)
The mass of ice explodes!
The iceblast engulfs Sonja!
Sonja is heavily wounded.
Sonja throws a curare-tipped dart.
The curare-tipped dart misses you.
Sonja casts a spell.
Sonja blinks!
Unknown command.
Unknown command.
Aiming: Iceblast
Press: ? - help, Shift-Dir - straight line, p - Sonja The mass of ice explodes!
The iceblast engulfs Sonja!
Sonja is severely wounded.
Sonja hits you with a +2 dagger of venom!
You are poisoned.
Sonja hits you with a +2 dagger of venom.
You are more poisoned.
Sonja closely misses you.
Unknown command.
Unknown command.
Unknown command.
Unknown command.
Aiming: Iceblast
Press: ? - help, Shift-Dir - straight line The mass of ice explodes!
The iceblast engulfs Sonja.
Sonja is severely wounded.
You feel extremely sick.
Sonja hits you with a +2 dagger of venom!
* * * LOW HITPOINT WARNING * * *
You are more poisoned.
Sonja hits you with a +2 dagger of venom.
* * * LOW HITPOINT WARNING * * *
You are more poisoned.
Sonja hits you with a +2 dagger of venom.
You die...

###################
#<.#..'..#..'..#__#
#..[.)#.)').#..'..+
#..#####'#####'#__#
#..####..#...#.####
#..#__####..##)#
#..#_____##'#_.+
#⌠⌠#_.∩..÷'.K._#
####_..__##_@#'#
#_____###'#.#
####### #.### $.$
$§$ ##.## #+#


You could see Sonja.

Vanquished Creatures
  Sigmund (D)
  A yak (D)
  An ogre (D)
  A jelly (D)
  Ijyb (D)
5 creatures vanquished.

Notes
Turn   | Place    | Note
-------+----------+-------------------------------------------
     0 | D        | mhtbhm the Spriggan Brigand began the quest for the Orb.
     0 | D        | Reached XP level 1. HP: 10/10 MP: 2/2
     2 | D        | Noticed Ijyb
    11 | D        | Killed Ijyb
    12 | D        | Reached skill level 9 in Stealth
    12 | D        | Reached XP level 2. HP: 15/15 MP: 3/3
   148 | D        | Noticed an ogre
   151 | D        | Killed an ogre
   152 | D        | Reached skill level 13 in Stealth
   152 | D        | Reached XP level 3. HP: 19/19 MP: 4/4
   152 | D        | Reached XP level 4. HP: 23/23 MP: 5/5
   163 | D        | Noticed Sigmund
   174 | D        | Killed Sigmund
   175 | D        | Reached skill level 16 in Stealth
   175 | D        | Reached XP level 5. HP: 20/28 MP: 6/6
   175 | D        | Reached XP level 6. HP: 23/32 MP: 7/7
   286 | D        | Found an ornate altar of the Wu Jian Council.
   286 | D        | Found a shimmering blue altar of Sif Muna.
   291 | D        | Found a radiant altar of Vehumet.
   296 | D        | Reached skill level 17 in Stealth
   297 | D        | Found Xybboler's Weapon Emporium.
   297 | D        | Found an ancient bone altar of Kikubaaqudgha.
   297 | D        | Found a hazy altar of Hepliaklqana.
   297 | D        | Found a stormy altar of Qazlal.
   297 | D        | Found a hide-covered altar of Uskayaw.
   297 | D        | Found a blossoming altar of Fedhas.
   297 | D        | Found a bloodstained altar of Trog.
   297 | D        | Found an iron altar of Okawaru.
   297 | D        | Found a basalt altar of Yredelemnul.
   297 | D        | Found a glowing golden altar of the Shining One.
   297 | D        | Found a snail-covered altar of Cheibriados.
   297 | D        | Found a sacrificial altar of Ru.
   297 | D        | Found a glowing silver altar of Zin.
   297 | D        | Found a shadowy altar of Dithmenos.
   297 | D        | Found a white marble altar of Elyvilon.
   297 | D        | Noticed a yak
   298 | D        | Found an opulent altar of Gozag.
   299 | D        | Killed a yak
   300 | D        | Reached skill level 5 in Short Blades
   300 | D        | Reached skill level 18 in Stealth
   300 | D        | Found a sparkling altar of Nemelex Xobeh.
   310 | D        | Became a worshipper of Dithmenos the Shadowed
   351 | D        | Found a burning altar of Makhleb.
   351 | D        | Found a viscous altar of Jiyva.
   351 | D        | Found a shimmering altar of Xom.
   351 | D        | Found a corrupted altar of Lugonu.
   351 | D        | Noticed a slime creature
   600 | D        | Noticed Sonja
   603 | D        | Slain by Sonja

Illustrated notes

Levels and vault maps discovered:
D:        dungeon_sprint_1 [red_sonja_temple_1, red_sonja_temple_small_1]

Skill      XL: |  1  2  3  4  5  6 |
---------------+-------------------+-----
Fighting       | 2 3 |  3.9
Stealth        | 9 13 16 18 | 18.9
Short Blades   | 3 4 5 |  5.0
Throwing       | 3 4 |  4.7
Dodging        | 2 |  2.5

Action                   |  1- 3 |  4- 6 || total
-------------------------+-------+-------++-------
Melee: Dagger            |     4 |    15 ||    19
Throw: Dart              |       |     1 ||     1
Evoke: Wand              |       |     3 ||     3
  Use: Potion            |     2 |     1 ||     3
 Stab: Sleeping          |     2 |     2 ||     4
Dodge: Dodged            |     1 |     9 ||    10

Table legend: (Time is in decaauts)
 A = Elapsed time spent in this place.
 B = Non-inter-level travel time spent in this place.
 C = Inter-level travel time spent in this place.
 D = Time resting spent in this place.
 E = Time spent auto-exploring this place.
 F = Levels seen in this place.
 G = Mean time per level.
                   A        B        C        D        E       F      G
               +--------+--------+--------+--------+--------+-----+--------+
         Total |    548 |    548 |      0 |    439 |      0 |   1 |  548.0 |
       Dungeon |    548 |    548 |      0 |    439 |      0 |   1 |  548.0 |
               +--------+--------+--------+--------+--------+-----+--------+

Top non-repeatable levels by time:
       D: 548 daAuts
